 Dungeon Sprint DCSS version bcrawl-1.15.1-4-g77d781cab4 (webtiles) character file.

Game seed: 17233987467887431374

979 MordorOrchid the Arsonist (level 8, -8/54 HPs)
             Began as a Fairy Fire Elementalist on Oct 7, 2019.
             Was an Initiate of Gozag.
             Killed by an exploding ballistomycete spore (32 damage)
             ... in the Dungeon (Sprint I: "Red Sonja").
             The game lasted 00:08:08 (357 turns).

MordorOrchid the Arsonist (Fairy Fire Elementalist)  Turns: 357, Time: 00:08:08

Health: -8/54      AC:  5    Str:  6    XL:     8   Next: 17%
Magic:  10/22      EV: 20    Int: 22    God:    Gozag
Gold:   125        SH:  0    Dex: 12    Spells: 3/24 levels left

rFire    . . .     SeeInvis .   j - +0 hunting sling
rCold    . . .     Gourm    .   (shield restricted)
rNeg     . . .     Faith    .   (armour unavailable)
rPois    .         Spirit   .   (no helmet)
rElec    .         Reflect  .   (no cloak)
rCorr    .         Harm     .   (no gloves)
MR       .....     NoTele   +   (no boots)
Stlth    ..........             (no amulet)
HPRegen  0.18/turn              (no ring)
MPRegen  0.18/turn              (no ring)

@: confused, flying evasively
A: small, magic attunement, unstealthy, unfitting armour, able to fly, AC/SH +5
a: Stop Flying, Potion Petition, Call Merchant, Bribe Branch, Renounce Religion


You were in the Dungeon.
You worshipped Gozag.
Gozag was aware of your devotion.
You were not hungry.

You visited 1 branch You collected 405 gold pieces.
You spent 280 gold pieces at shops.

Inventory:

Hand Weapons
 j - a +0 hunting sling (weapon)
 y - a +1 dagger of electrocution
Missiles
 b - 40 stones (quivered)
 l - 103 sling bullets
Wands
 a - a wand of polymorph (13)
Scrolls
 i - a scroll of blinking
 k - a scroll of identify {unknown}
Potions
 d - a potion of curing
 e - a potion of heal wounds
 f - a potion of haste
 g - 2 potions of magic
 h - a potion of berserk rage
Comestibles
 c - a ration {!d}


   Skills:
 * Level 4.0 Fighting
 * Level 7.5 Dodging
 - Level 3.2 Stealth
 + Level 8.6 Spellcasting
 * Level 6.8 Conjurations
 - Level 7.6 Summonings
 - Level 10.2 Fire Magic
 - Level 8.3 Air Magic


You had 3 spell levels left.
You knew the following spells:

 Your Spells              Type           Power        Failure   Level  Hunger
a - Flame Tongue          Conj/Fire      #####        1%          1    None
c - Conjure Flame         Conj/Fire      #####...     1%          3    None
d - Inner Flame           Hex/Fire       N/A          2%          3    None
e - Sticky Flame          Conj/Fire      #####...     1%          4    None
f - Fireball              Conj/Fire      #####.....   6%          5    None
j - Summon Lightning Spi  Summ/Air       #####...     8%          5    None

Your spell library contained the following spells:

 Spells                   Type           Power        Failure   Level  Hunger
 Magic Dart               Conj           ####         1%          1    None
 Call Imp                 Summ           #####...     1%          2    None
 Flaming Arrows           Chrm/Fire      ####....     1%          2    None
 Mephitic Cloud           Conj/Pois/Air  ####....     2%          3    None
 Slow                     Hex            #.......     7%          1    None
 Blink                    Tloc           N/A          11%         2    None
 Silence                  Hex/Air        ####......   34%         5    None
 Conjure Ball Lightning   Conj/Air       #####.....   43%         6    None
 Deflect Missiles         Chrm/Air       ####......   88%         6    None
 Tornado                  Air            #####.....   100%        9    None


Dungeon Overview and Level Annotations

Branches:
Dungeon (1/1)

Altars:
Cheibriados
Dithmenos
Elyvilon
Fedhas
Gozag
Hepliaklqana
Kikubaaqudgha
Nemelex Xobeh
Okawaru
Qazlal
Ru
Sif Muna
Trog
Uskayaw
Vehumet
Wu Jian
Yredelemnul
Zin
The Shining One

Shops:
D :


Innate Abilities, Weirdness & Mutations

Your spells do not cause hunger and MP costs are reduced by 1.
Your bright wings attract enemies. (Stealth-)
You cannot fit into any form of body armour.
Your shimmering scales are hard and can block incoming attacks. (AC +5, SH +5)
You are small and have problems with some larger weapons.
You can fly continuously.


Message History

You now have 98 gold pieces (gained 27).
You now have 125 gold pieces (gained 27).
You reach down and open the door. 2 ballistomycete spores come into view.
The ballistomycete spore waves its rhizomes.
Found 92 gold pieces, 4 potions of curing, a ring mail and 117 stones.
The ballistomycete spore waves its rhizomes.
A ballistomycete grows in the wake of the ballistomycete spore.
The ballistomycete spore explodes!
The explosion of spores engulfs you!
You are confused.
Ouch! That really hurt!
The explosion of spores engulfs the ballistomycete spore.
The ballistomycete spore explodes!
The explosion of spores engulfs the ballistomycete.
A fungus suddenly grows.
The explosion of spores engulfs you!
You are more confused.
Ouch! That really hurt!
You die...
Your body crumbles into a pile of gold.

#..####..#$..#.#
$
#..#__####..##.#
$$
#..#_____##'#_.+
#⌠⌠#_.∩...'..._#
$$
####_..__##_.#+#
$$#_____###'# $
#########.## $
+...+$$ $$ #.@.#
$ ##.## $#'#$ $


$P$P$ $($[$ ####### $ $ $ $ There were no monsters in sight!

Vanquished Creatures
  Sonja (D)
  Sigmund (D)
  A yak (D)
  An ogre (D)
  A jelly (D)
  Ijyb (D)
6 creatures vanquished.

Notes
Turn   | Place    | Note
-------+----------+-------------------------------------------
     0 | D        | MordorOrchid the Fairy Fire Elementalist began the quest
                  | for the Orb.
     0 | D        | Reached XP level 1. HP: 11/11 MP: 6/6
     2 | D        | Noticed Ijyb
    14 | D        | Killed Ijyb
    14 | D        | Reached skill level 1 in Fighting
    14 | D        | Reached skill level 5 in Fire Magic
    14 | D        | Reached XP level 2. HP: 8/18 MP: 8/8
    14 | D        | Reached XP level 3. HP: 11/23 MP: 9/9
    24 | D        | Learned a level 3 spell: Conjure Flame
    28 | D        | Learned a level 3 spell: Inner Flame
   135 | D        | Noticed an ogre
   140 | D        | Killed an ogre
   140 | D        | Reached skill level 5 in Dodging
   140 | D        | Reached skill level 7 in Fire Magic
   140 | D        | Reached XP level 4. HP: 30/30 MP: 7/12
   157 | D        | Learned a level 4 spell: Sticky Flame
   172 | D        | Noticed Sigmund
   181 | D        | Killed Sigmund
   181 | D        | Reached skill level 5 in Conjurations
   181 | D        | Reached skill level 9 in Fire Magic
   181 | D        | Reached XP level 5. HP: 29/37 MP: 12/16
   181 | D        | Reached XP level 6. HP: 33/43 MP: 12/17
   188 | D        | Learned a level 5 spell: Fireball
   267 | D        | Found a shimmering blue altar of Sif Muna.
   268 | D        | Found an ornate altar of the Wu Jian Council.
   270 | D        | Found a radiant altar of Vehumet.
   299 | D        | Found Cusuast's Book Emporium.
   299 | D        | Found an ancient bone altar of Kikubaaqudgha.
   299 | D        | Found a hazy altar of Hepliaklqana.
   299 | D        | Found a stormy altar of Qazlal.
   299 | D        | Found a hide-covered altar of Uskayaw.
   299 | D        | Found a blossoming altar of Fedhas.
   299 | D        | Found a bloodstained altar of Trog.
   299 | D        | Found an iron altar of Okawaru.
   299 | D        | Found a basalt altar of Yredelemnul.
   299 | D        | Found a glowing golden altar of the Shining One.
   299 | D        | Found a snail-covered altar of Cheibriados.
   299 | D        | Found a sacrificial altar of Ru.
   299 | D        | Found a glowing silver altar of Zin.
   299 | D        | Found a shadowy altar of Dithmenos.
   299 | D        | Found a white marble altar of Elyvilon.
   299 | D        | Noticed a yak
   306 | D        | Killed a yak
   306 | D        | Reached skill level 10 in Fire Magic
   309 | D        | Found an opulent altar of Gozag.
   316 | D        | Learned a level 5 spell: Summon Lightning Spire
   316 | D        | Found a sparkling altar of Nemelex Xobeh.
   320 | D        | Bought a book of Minor Magic for 280 gold pieces
   335 | D        | Became a worshipper of Gozag Ym Sagoz the Greedy
   340 | D        | Noticed Sonja
   343 | D        | Killed Sonja
   343 | D        | Reached XP level 7. HP: 48/48 MP: 7/21
   343 | D        | Reached XP level 8. HP: 54/54 MP: 7/22
   357 | D        | Killed by an exploding ballistomycete spore

Skill      XL: |  1  2  3  4  5  6 |
---------------+-------------------+-----
Fighting       | 1 2 4 |  4.0
Dodging        | 4 5 6 7 |  7.5
Stealth        | 2 3 |  3.2
Spellcasting   | 3 4 6 8 |  8.6
Conjurations   | 2 4 5 6 |  6.8
Fire Magic     | 5 7 9 10 | 10.2
Summonings     | 7 |  7.6
Air Magic      | 8 |  8.3

Action                   |  1- 3 |  4- 6 |  7- 9 || total
-------------------------+-------+-------+-------++-------
 Cast: Flame Tongue      |    13 |    16 |       ||    29
       Conjure Flame     |     1 |     3 |       ||     4
       Fireball          |       |     2 |     1 ||     3
Armor: Skin              |     1 |     1 |       ||     2
Dodge: Dodged            |     3 |     1 |       ||     4
Block: Other             |     2 |     1 |       ||     3
